 Dungeon Crawl Stone Soup version 0.26.0-15-gc6cd9f700b (webtiles) character file.

Game seed: 3071924277383946460

20 lastplaneout the Cutter (level 3, 0/23 HPs)
             Began as a Halfling Wanderer on Jan 17, 2021.
             Slain by an adder (1 damage)
             ... on level 2 of the Dungeon.
             The game lasted 00:03:10 (1433 turns).

lastplaneout the Cutter (Halfling Wanderer)         Turns: 1433, Time: 00:03:10

Health: 0/23       AC:  2    Str: 13    XL:     3   Next: 0%
Magic:  4/4        EV: 13    Int: 11    God:
Gold:   71         SH:  0    Dex: 13    Spells: 3/4 levels left

rFire    . . .     SeeInvis .   a - +2 dagger
rCold    . . .     Faith    .   (shield restricted)
rNeg     . . .     Spirit   .   d - +0 robe
rPois    .         Reflect  .   (no helmet)
rElec    .         Harm     .   (no cloak)
rCorr    .         Rampage  .   (no gloves)
Will     .....                  (no boots)
Stlth    ++........             (no amulet)
HPRegen  0.07/turn              (no ring)
MPRegen  0.09/turn              (no ring)

@: lethally poisoned (0 -> -8), attractive
A: small, mutation resistance 1
a: no special abilities


You were on level 2 of the Dungeon.
You visited 1 branch of the dungeon, and saw 2 of its levels.

You collected 71 gold pieces.

Inventory:

Hand Weapons
 a - a +2 dagger (weapon)
 o - a +0 dagger of electrocution
Armour
 d - a +0 robe (worn)
Jewellery
 n - a +4 ring of evasion {unknown}
Scrolls
 b - a scroll of blinking
 c - a scroll of fear {unknown}
 h - a scroll of amnesia {unknown}
 i - 2 scrolls of identify {unknown}
 j - a scroll of remove curse {unknown}
 k - a scroll of magic mapping {unknown}
Potions
 e - a potion of lignification
 f - a potion of cancellation
 l - a potion of heal wounds {unknown}
 m - a potion of brilliance {unknown}


   Skills:
 - Level 1.0 Fighting
 + Level 2.4 Short Blades
 - Level 1.0 Throwing
 - Level 1.1 Stealth
 - Level 1.5 Unarmed Combat
 - Level 1.0 Spellcasting
 - Level 1.5 Hexes
 - Level 1.2 Transmutations
 + Level 0.2 Ice Magic


You had 3 spell levels left.
You knew the following spells:

 Your Spells              Type           Power        Failure   Level
a - Summon Small Mammal   Summ           0%           32%         1

Your spell library contained the following spells:

 Spells                   Type           Power        Failure   Level
 Call Canine Familiar     Summ           0%           67%         3


Dungeon Overview and Level Annotations

Branches:
Dungeon (2/15)

Altars:


Innate Abilities, Weirdness & Mutations

You are small and have problems with some larger weapons.
You are somewhat resistant to further mutation.


Message History

Increase (S)trength, (I)ntelligence, or (D)exterity?
Uppercase letters only, please.
You feel stronger.
It was a potion of lignification.
You turn into a tree.
Your +0 robe melds into your body.
Your roots penetrate the ground.
* * * LOW HITPOINT WARNING * * *
You feel sick. The adder bites you but does no damage.
The bat hits you but does no damage. The adder bites you.
* * * LOW HITPOINT WARNING * * *
It was a potion of cancellation.
Your magical effects are unravelling.
You feel magically purged.
You feel less wooden.
Your +0 robe unmelds from your body.
* * * LOW HITPOINT WARNING * * *
You feel sick. The bat barely misses you. The adder closely misses you.
It was a potion of attraction.
You feel attractive to monsters. The adder bites you.
You die...

##..r?. ......####
.>.......# .
....##.# ..##
...##.# # .....
#.##.# .####
....[.#..#.###......
#...<(.b.@S..#
#.###.#.####.# #.#.#
#.#.# #.#.# ...B.
#...# .....


You could see an adder and a bat.

Vanquished Creatures
  A dart slug (D:1)
  A giant cockroach (D:2)
  3 goblins (D:1)
  A hobgoblin (D:1)
  2 jackals (D:1)
  3 bats (D:1)
  3 frilled lizards (D:1)
  2 kobolds
  A rat (D:2)
17 creatures vanquished.

Notes
Turn   | Place    | Note
-------+----------+-------------------------------------------
     0 | D:1      | lastplaneout the Halfling Wanderer began the quest for the
                  | Orb.
     0 | D:1      | lastplaneout set off with the following items: a +2 dagger,
                  | a scroll of blinking, a +0 robe; and the following spell
                  | memorised: Summon Small Mammal; and the following spells
                  | available to memorise: Call Canine Familiar
     0 | D:1      | Reached XP level 1. HP: 13/13 MP: 2/2
   353 | D:1      | Reached skill level 1 in Short Blades
   353 | D:1      | Reached XP level 2. HP: 1/18 MP: 3/3
  1001 | D:1      | Reached skill level 2 in Short Blades
  1431 | D:2      | Reached XP level 3. HP: 3/23 MP: 4/4
  1432 | D:2      | HP: 1/23 [poisoned by an adder]
  1433 | D:2      | Slain by an adder

Illustrated notes

Levels and vault maps discovered:
D:1:      lemuel_arrival_rhombus, layout_basic
D:2:      layout_loops_ring, nicolae_overflow_crystal_walls, uniq_jessica

Skill      XL: |  1  2 |
---------------+-------+-----
Short Blades   | 1 2 |  2.4
Fighting       | |  1.0
Throwing       | |  1.0
Stealth        | |  1.1
Unarmed Combat | |  1.5
Spellcasting   | |  1.0
Hexes          | |  1.5
Transmutations | |  1.2
Ice Magic      | |  0.2

Action                   || total
-------------------------++-------
Melee: Dagger            ||    50
  Use: Potion            ||     3
 Stab: Sleeping          ||     2
Armor: Robe              ||    12
       Skin              ||     2
Dodge: Dodged            ||    52
